 Dungeon Sprint DCSS version 0.22-a0-877-g5c4e1af (webtiles) character file.

65473 Brynnhild the Trollish Aeon (level 14, -5/144 HPs)
             Began as a Troll Monk on July 29, 2018.
             Was the Champion of Cheibriados.
             Shot with a bolt by a yaktaur captain (26 damage)
             ... in the Dungeon (Sprint IX: "|||||||||||||||||||||||||||||").
             The game lasted 00:08:49 (3126 turns).

Brynnhild the Trollish Aeon (Troll Monk)            Turns: 3126, Time: 00:08:49

Health: -5/144     AC: 22    Str: 41    XL:     14   Next: 75%
Magic:  1/29       EV: 18    Int: 21    God:    Cheibriados [******]
Gold:   809        SH:  0    Dex: 27    Spells: 13/13 levels left

rFire    . . .     SeeInvis .     - Unarmed
rCold    . . .     Gourm    +   (no shield)
rNeg     + . .     Faith    .   D - +0 storm dragon scales
rPois    +         Spirit   .   y - +2 hat
rElec    +         Reflect  .   l - +0 cloak
rCorr    .         Harm     .   (gloves unavailable)
MR       +....     NoTele   +   (boots unavailable)
Stlth    ..........             (no amulet)
HPRegen  0.74/turn              B - ring of poison resistance
MPRegen  0.21/turn              q - ring of positive energy

@: marked, very slow
A: large, unfitting armour, claws 3, fast metabolism 3, gourmand, regeneration
1, shaggy fur 1, tough skin 2
a: Bend Time, Temporal Distortion, Slouch, Step From Time, Renounce Religion


You were in the Dungeon.
You worshipped Cheibriados.
Cheibriados was exalted by your worship.
You were full.

You visited 1 branch You collected 1903 gold pieces.
You spent 1094 gold pieces at shops.

Inventory:

Armour
 a - a +0 robe
 d - a +0 robe of magic resistance
 l - a +0 cloak (worn)
 t - the +1 robe of Bypauxt {rPois MP+9 Str-2 Dex+7 SInv}
   (You found it in the Dungeon)

   It affects your strength (-2).
   It affects your dexterity (+7).
   It protects you from poison.
   It affects your magic capacity (+9).
   It lets you see invisible.
 y - a +2 hat (worn)
 C - a +1 large shield
 D - +0 storm dragon scales (worn)
Jewellery
 m - a +3 ring of strength
 n - a +2 ring of protection
 q - a ring of positive energy (right claw)
 z - an uncursed ring of protection from magic
 A - an uncursed ring of ice
 B - a ring of poison resistance (left claw)
Wands
 k - a wand of iceblast (3)
 F - a wand of acid (12)
Scrolls
 h - 4 scrolls of blinking
 i - 7 scrolls of remove curse
 j - 2 scrolls of amnesia
 r - a scroll of identify
 s - 4 scrolls of enchant armour
 w - 2 scrolls of magic mapping {unknown}
 x - a scroll of fog {unknown}
 E - a scroll of fear
Potions
 c - 6 potions of curing
 e - 2 potions of haste
 f - 5 potions of magic
 g - a potion of brilliance
 o - 3 potions of resistance
 p - 3 potions of heal wounds
 u - a potion of cancellation {unknown}
 v - a potion of might
Comestibles
 b - 24 rations


   Skills:
 + Level 10.4 Fighting
 * Level 12.1 Armour
 + Level 11.2 Dodging
 - Level 1.0 Stealth
 + Level 21.0 Unarmed Combat
 * Level 24.2 Invocations


You had 13 spell levels left.
You didn't know any spells.
Your spell library was empty.

Dungeon Overview and Level Annotations

Branches:
Dungeon (1/1)

Altars:
Cheibriados
Dithmenos
Elyvilon
Fedhas
Gozag
Hepliaklqana
Kikubaaqudgha
Makhleb
Nemelex Xobeh
Okawaru
Qazlal
Ru
Sif Muna
Trog
Uskayaw
Vehumet
Wu Jian
Xom
Yredelemnul
Zin
The Shining One
Beogh
Jiyva
Lugonu

Shops:
D !}*


Innate Abilities, Weirdness & Mutations

You are too large for most types of armour.
You have claws for hands.
Your metabolism is lightning-fast.
You like to eat raw meat.
Your natural rate of healing is unusually fast.
You are covered in fur. (AC +1)
You have very tough skin. (AC +2)


Message History

The Orb Guardian is severely wounded.
The Orb Guardian hits you.
* * * LOW HITPOINT WARNING * * *
Unknown command.
You barely miss the Orb Guardian. Your claw misses the Orb Guardian.
The Orb Guardian is severely wounded.
The Orb Guardian hits you but does no damage.
The green draconian annihilator casts a spell.
The green draconian annihilator blinks!
You claw the Orb Guardian!
You kill the Orb Guardian!
Cheibriados thoroughly appreciates the change of pace.
Your Armour skill increases to level 12!
Your Unarmed Combat skill increases to level 21!
You can feel time thicken for a moment.
You kill the ironbrand convoker!
Cheibriados appreciates the change of pace.
The yaktaur captain wields an arbalest.
The yaktaur captain shoots a bolt.
The bolt hits you!!
You die...

▓▓▓▓▓▓▓▓▓▓▓▓▓▓▓▓▓▓▓▓▓▓▓▓
.§†Hc))@)))))()+.......†
▓▓▓▓▓▓▓▓▓▓▓▓▓▓▓▓▓▓▓▓▓▓▓▓▓▓▓▓▓▓▓▓▓
.(.(.....).......).....))..)))...
▓▓▓▓▓▓▓▓▓▓▓▓▓▓▓▓▓▓▓▓▓▓▓▓▓▓♣♣♣♣♣♣♣
.....'....)†.†.'.(÷..))(((...†[).
▓▓▓▓▓▓▓▓▓▓▓▓▓▓▓▓▓▓▓▓▓▓▓▓▓▓♣♣♣♣♣♣♣
.................................
▓▓▓▓▓▓▓▓▓▓▓▓▓▓▓▓▓▓▓▓▓▓▓▓▓▓▓▓▓▓▓▓▓
..'.........))(.))'(....!!....[[[


You could see a sphinx and a yaktaur captain.

Vanquished Creatures
  Saint Roka (D)
  An Orb Guardian (D)
  Gastronok (D)
  A fire giant (D)
  A frost giant (D)
  3 vault wardens (D)
  2 ironheart preservers (D)
  A very ugly thing (D)
  An entropy weaver (D)
  2 stone giants (D)
  Nessos (D)
  Azrael (D)
  2 ettins (D)
  A merfolk javelineer (D)
  A yaktaur captain (D)
  A fire dragon (D)
  An ice dragon (D)
  2 great orbs of eyes (D)
  2 hydras (D)
  A centaur warrior (D)
  2 rakshasas (D)
  An alligator snapping turtle (D)
  Erica (D)
  An anaconda (D)
  A satyr (D)
  An ogre mage (D)
  A two-headed ogre (D)
  7 orc high priests (D)
  A naga sharpshooter (D)
  A vampire mage (D)
  2 spriggan berserkers (D)
  A spriggan (D)
  A skeletal warrior (D)
  A hell knight (D)
  A sea snake (D)
  An unseen horror (D)
  3 lindwurms (D)
  A deep elf archer (D)
  A swamp dragon (D)
  An ironbrand convoker (D)
  3 orc knights (D)
  A mana viper (D)
  A necromancer (D)
  An orc sorcerer (D)
  An orb spider (D)
  A deep elf mage (D)
  A salamander (D)
  5 wolf spiders (D)
  3 manticores (D)
  2 black mambas (D)
  2 vault sentinels (D)
  A gargoyle (D)
  4 spiny frogs (D)
  3 yaktaurs (D)
  2 komodo dragons (D)
  A merfolk (D)
  2 trolls (shapeshifter) (D)
  3 hornets (D)
  2 snapping turtles (D)
  5 hippogriffs (D)
  4 slime creatures (D)
  A bog body (D)
  A dream sheep (D)
  A redback (shapeshifter) (D)
  A vampire (D)
  A redback (D)
  A water elemental (D)
  A tarantella (shapeshifter) (D)
  2 tarantellas (D)
  3 fire elementals (D)
  A vampire mosquito (D)
  An insubstantial wisp (D)
  3 nagas (D)
  A hell hound (D)
  2 porcupines (D)
  2 water moccasins (D)
  A swamp drake (D)
  11 orc warriors (D)
  An ice beast (D)
  An ogre (D)
  A centaur (D)
  A crocodile (D)
  5 bullfrogs (D)
  2 crimson imps (D)
  10 orc priests (D)
  4 orc wizards (D)
  2 worker ants (D)
  An adder zombie (D)
  An adder skeleton (D)
  5 worms (D)
  A dart slug (D)
  8 orcs (D)
  3 bat zombies (D)
  2 hobgoblins (D)
  A frilled lizard (D)
  A jackal zombie (D)
  A quokka simulacrum (D)
  A rat (D)
191 creatures vanquished.

Vanquished Creatures (others)
  A troll (D)
1 creature vanquished.

Grand Total: 192 creatures vanquished

Notes
Turn   | Place    | Note
-------+----------+-------------------------------------------
     0 | D        | Brynnhild the Troll Monk began the quest for the Orb.
     0 | D        | Reached XP level 1. HP: 22/22 MP: 0/0
    30 | D        | Noticed a water moccasin
    30 | D        | Noticed a crimson imp
    30 | D        | Noticed an ice beast
    34 | D        | Killed an ice beast
    34 | D        | Reached XP level 2. HP: 32/32 MP: 1/1
    34 | D        | Reached XP level 3. HP: 39/39 MP: 2/2
    34 | D        | Reached XP level 4. HP: 48/48 MP: 3/3
    39 | D        | Killed a water moccasin
    39 | D        | Reached skill level 5 in Fighting
    39 | D        | Reached skill level 5 in Dodging
    39 | D        | Reached XP level 5. HP: 57/57 MP: 4/4
    60 | D        | Found a roughly hewn altar of Beogh.
    60 | D        | Found a snail-covered altar of Cheibriados.
    60 | D        | Found a shadowy altar of Dithmenos.
    60 | D        | Found a white marble altar of Elyvilon.
    60 | D        | Found a blossoming altar of Fedhas.
    60 | D        | Found an opulent altar of Gozag.
    61 | D        | Found a hazy altar of Hepliaklqana.
    62 | D        | Found a viscous altar of Jiyva.
    63 | D        | Found an ancient bone altar of Kikubaaqudgha.
    64 | D        | Became a worshipper of Cheibriados the Contemplative
    64 | D        | Reached * piety under Cheibriados
    64 | D        | Reached ** piety under Cheibriados
    65 | D        | Found a corrupted altar of Lugonu.
    66 | D        | Found a burning altar of Makhleb.
    67 | D        | Found a sparkling altar of Nemelex Xobeh.
    68 | D        | Found an iron altar of Okawaru.
    69 | D        | Found a stormy altar of Qazlal.
    70 | D        | Found a sacrificial altar of Ru.
    71 | D        | Found a deep blue altar of Sif Muna.
    72 | D        | Found a bloodstained altar of Trog.
    73 | D        | Found a hide-covered altar of Uskayaw.
    74 | D        | Found a radiant altar of Vehumet.
    75 | D        | Found an ornate altar of the Wu Jian Council.
    76 | D        | Found a shimmering altar of Xom.
    77 | D        | Found a basalt altar of Yredelemnul.
    78 | D        | Found a glowing silver altar of Zin.
    79 | D        | Found a glowing golden altar of the Shining One.
   113 | D        | Noticed a centaur
   113 | D        | Noticed a troll
   117 | D        | Killed a troll
   117 | D        | Reached skill level 10 in Unarmed Combat
   117 | D        | Reached skill level 2 in Invocations
   117 | D        | Reached XP level 6. HP: 30/67 MP: 4/7
   123 | D        | Reached skill level 3 in Invocations
   125 | D        | Reached XP level 7. HP: 38/75 MP: 4/8
   126 | D        | Reached *** piety under Cheibriados
   132 | D        | Reached **** piety under Cheibriados
   191 | D        | Noticed a skeletal warrior
   191 | D        | Noticed a gargoyle
   193 | D        | Reached skill level 4 in Invocations
   194 | D        | Reached ***** piety under Cheibriados
   196 | D        | Killed a gargoyle
   196 | D        | Reached skill level 5 in Invocations
   205 | D        | HP: 3/76 [skeletal warrior/halberd (19)]
   210 | D        | Killed a skeletal warrior
   210 | D        | Reached skill level 6 in Invocations
   210 | D        | Reached XP level 8. HP: 13/87 MP: 4/11
   362 | D        | Noticed Erica
   368 | D        | Killed Erica
   368 | D        | Reached skill level 7 in Invocations
   368 | D        | Reached XP level 9. HP: 37/96 MP: 11/13
   651 | D        | Noticed a spiny frog
   654 | D        | Killed a spiny frog
   658 | D        | Noticed a komodo dragon
   662 | D        | Reached ****** piety under Cheibriados
   672 | D        | Reached skill level 8 in Invocations
   676 | D        | Killed a komodo dragon
   678 | D        | Reached skill level 15 in Unarmed Combat
   879 | D        | Noticed a spiny frog
   879 | D        | Noticed a five-headed hydra
   883 | D        | Killed a six-headed hydra
   883 | D        | Reached XP level 10. HP: 50/106 MP: 9/15
   883 | D        | Killed a spiny frog
   883 | D        | Reached skill level 9 in Invocations
   885 | D        | Noticed a spiny frog
   891 | D        | Reached skill level 10 in Dodging
   893 | D        | Killed a spiny frog
  1101 | D        | Noticed a lindwurm
  1101 | D        | Noticed a lindwurm
  1102 | D        | Noticed a lindwurm
  1106 | D        | Killed a lindwurm
  1106 | D        | Reached skill level 10 in Invocations
  1106 | D        | Killed a lindwurm
  1106 | D        | Killed a lindwurm
  1126 | D        | Got the +1 robe of Bypauxt {rPois MP+9 Str-2 Dex+7 SInv}
  1245 | D        | Reached skill level 11 in Invocations
  1301 | D        | Noticed an orc high priest
  1301 | D        | Noticed an orc sorcerer
  1302 | D        | Noticed an orc knight
  1304 | D        | Killed an orc sorcerer
  1304 | D        | Reached XP level 11. HP: 115/115 MP: 18/18
  1307 | D        | Killed an orc high priest
  1309 | D        | Noticed an orc knight
  1311 | D        | Killed an orc knight
  1311 | D        | Reached skill level 12 in Invocations
  1314 | D        | HP: 1/115 [orc knight/uncursed great mace (46)]
  1319 | D        | Killed an orc knight
  1448 | D        | Found Tibb's Assorted Antiques.
  1448 | D        | Noticed an orc high priest
  1448 | D        | Noticed an orc high priest
  1448 | D        | Noticed an orc high priest
  1450 | D        | Killed an orc high priest
  1450 | D        | Reached skill level 13 in Invocations
  1454 | D        | Killed an orc high priest
  1455 | D        | Found Qothroeke's Gadget Shop.
  1456 | D        | Killed an orc high priest
  1461 | D        | Found Reostrama's Distillery.
  1464 | D        | Found Hahiy's Food Shop.
  1498 | D        | Noticed an orc high priest
  1499 | D        | Noticed an orc high priest
  1501 | D        | Noticed a sun demon
  1503 | D        | Noticed a sixfirhy
  1504 | D        | Noticed an orc high priest
  1506 | D        | Noticed a soul eater
  1507 | D        | Killed an orc high priest
  1507 | D        | Reached skill level 14 in Invocations
  1507 | D        | Killed an orc high priest
  1507 | D        | Killed an orc high priest
  1561 | D        | Bought a potion of curing for 39 gold pieces
  1561 | D        | Bought a potion of heal wounds for 65 gold pieces
  1561 | D        | Bought a potion of magic for 104 gold pieces
  1561 | D        | Bought a potion of might for 52 gold pieces
  1565 | D        | Bought a scroll labeled TIOZXAU AQIJOS for 18 gold pieces
  1565 | D        | Bought a scroll labeled FUENEDI TUIBU for 18 gold pieces
  1565 | D        | Bought a scroll labeled TIOZXAU AQIJOS for 18 gold pieces
  1571 | D        | Bought a ration for 65 gold pieces
  1571 | D        | Bought a ration for 65 gold pieces
  1571 | D        | Bought a ration for 65 gold pieces
  1571 | D        | Bought a ration for 65 gold pieces
  1571 | D        | Bought a ration for 65 gold pieces
  1571 | D        | Bought a ration for 65 gold pieces
  1571 | D        | Bought a ration for 65 gold pieces
  1571 | D        | Bought a ration for 65 gold pieces
  1571 | D        | Bought a ration for 65 gold pieces
  1571 | D        | Bought a ration for 65 gold pieces
  1571 | D        | Bought a ration for 65 gold pieces
  1571 | D        | Bought a ration for 65 gold pieces
  1601 | D        | Noticed Gastronok
  1608 | D        | Killed Gastronok
  1608 | D        | Reached skill level 15 in Invocations
  1743 | D        | Noticed a two-headed ogre
  1745 | D        | Killed an unseen horror
  1745 | D        | Reached skill level 1 in Armour
  1745 | D        | Reached XP level 12. HP: 126/126 MP: 22/22
  1746 | D        | Killed a two-headed ogre
  1746 | D        | Reached skill level 16 in Invocations
  1754 | D        | Noticed an ettin
  1756 | D        | Noticed a rakshasa
  1757 | D        | Noticed a rakshasa
  1760 | D        | Killed an ettin
  1761 | D        | Noticed a stone giant
  1765 | D        | Killed a rakshasa
  1768 | D        | Killed a rakshasa
  1768 | D        | Reached skill level 17 in Invocations
  1776 | D        | Killed a stone giant
  2031 | D        | Noticed an entropy weaver
  2034 | D        | Reached skill level 18 in Invocations
  2035 | D        | Killed an entropy weaver
  2214 | D        | Noticed a six-headed hydra
  2215 | D        | Reached skill level 10 in Fighting
  2218 | D        | Reached skill level 19 in Invocations
  2221 | D        | Killed an eight-headed hydra
  2221 | D        | Reached skill level 5 in Armour
  2221 | D        | Reached XP level 13. HP: 93/133 MP: 5/25
  2536 | D        | Reached skill level 20 in Invocations
  2687 | D        | Noticed Nessos
  2690 | D        | Killed Nessos
  2708 | D        | Noticed Azrael
  2713 | D        | Killed Azrael
  2730 | D        | Noticed Saint Roka
  2741 | D        | Killed Saint Roka
  2741 | D        | Reached skill level 21 in Invocations
  2904 | D        | Noticed a fire giant
  2904 | D        | Noticed a stone giant
  2905 | D        | Noticed a frost giant
  2906 | D        | Noticed a green very ugly thing
  2910 | D        | Killed a stone giant
  2913 | D        | Killed a fire giant
  2915 | D        | Reached skill level 22 in Invocations
  2918 | D        | Killed a frost giant
  2919 | D        | Killed a green very ugly thing
  2919 | D        | Reached XP level 14. HP: 136/143 MP: 13/28
  2929 | D        | Reached skill level 10 in Armour
  2951 | D        | Reached skill level 23 in Invocations
  3065 | D        | Noticed an ironheart preserver
  3065 | D        | Noticed a vault warden
  3068 | D        | Killed an ironheart preserver
  3071 | D        | Noticed a vault warden
  3074 | D        | Killed a vault warden
  3077 | D        | Noticed an ironheart preserver
  3085 | D        | Noticed a vault warden
  3092 | D        | Killed an ironheart preserver
  3093 | D        | Killed a vault warden
  3095 | D        | Killed a vault warden
  3114 | D        | Noticed an Orb Guardian
  3114 | D        | Noticed a green draconian annihilator
  3114 | D        | Noticed a sphinx
  3122 | D        | Reached skill level 24 in Invocations
  3125 | D        | Killed an Orb Guardian
  3126 | D        | Shot with a bolt by a yaktaur captain

Vault maps used:
D:        linesprint

Skill      XL: |  1  2  3  4  5  6  7  8  9 10 11 12 13 14 |
---------------+-------------------------------------------+-----
Unarmed Combat | 7 9 10 11 12 13 15 17 18 19 21 | 21.0
Fighting       | 4 5 6 7 8 9 10 | 10.4
Dodging        | 4 5 6 8 9 10 11 | 11.2
Invocations    | 2 3 6 7 8 11 15 19 22 24 | 24.2
Armour         | 1 5 9 12 | 12.1
Stealth        | |  1.0

Action                   |  1- 3 |  4- 6 |  7- 9 | 10-12 | 13-15 || total
-------------------------+-------+-------+-------+-------+-------++-------
Melee: Unarmed           |    12 |    21 |    47 |    66 |   109 ||   255
       Punch             |       |     2 |     8 |    10 |    15 ||    35
Invok: Slouch            |       |       |     3 |    29 |    28 ||    60
Evoke: Wand              |       |       |       |     7 |       ||     7
  Use: Potion            |     1 |     1 |     3 |     1 |     2 ||     8
 Stab: Invisible         |       |     1 |       |       |       ||     1
       Sleeping          |       |       |       |     1 |       ||     1
  Eat: Chunk             |     3 |       |     7 |    10 |     8 ||    28
Armor: Robe              |     5 |     4 |     6 |     3 |       ||    18
       Storm dragon scal |       |       |       |     5 |    36 ||    41
Dodge: Dodged            |     3 |    19 |    45 |    58 |    61 ||   186

Table legend:
 A = Spawn XP
 B = Non-spawn XP
 C = Spawn XP percentage of total XP
 D = Spawn monster count
 E = Non-spawn monster count
 F = Spawn count percentage of total count
 G = Total turns spent on level
                    A         B        C        D         E        F      G
               +---------+---------+-------+---------+---------+-------+---------
         Total |       0 |   93533 |   0.0 |       0 |     192 |   0.0 |  3126
               +---------+---------+-------+---------+---------+-------+---------
             D |       0 |   93533 |   0.0 |       0 |     192 |   0.0 |  3126
               +---------+---------+-------+---------+---------+-------+---------
